 Dungeon Crawl Stone Soup version 0.21-a0-331-gfb491b4 (webtiles) character file.

17 terra52 the Sneak (level 2, 0/14 HPs)
             Began as a Vine Stalker Enchanter on Oct 2, 2017.
             Slain by a hobgoblin (1 damage)
             ... on level 1 of the Dungeon.
             The game lasted 00:01:48 (391 turns).

terra52 the Sneak (Vine Stalker Enchanter)           Turns: 391, Time: 00:01:48

Health: 0/14       AC:  2    Str: 10    XL:     2   Next: 62%
Magic:  0/6        EV: 12    Int: 15    God:
Gold:   35         SH:  0    Dex: 14    Spells: 4/5 levels left

rFire    . . .     SeeInvis .   a - +1 dagger
rCold    . . .     Gourm    .   (no shield)
rNeg     . . .     Faith    .   b - +0 robe
rPois    .         Spirit   +   (no helmet)
rElec    .         Reflect  .   (no cloak)
rCorr    .         Harm     .   (no gloves)
MR       .....                  (no boots)
Stlth    +++.......             (no amulet)
HPRegen  0.04/turn              (no ring)
MPRegen  0.10/turn              (no ring)

@: no status effects
A: fangs 2, magic shield, antimagic bite, no potion heal 3, rot immunity
a: no special abilities


You were on level 1 of the Dungeon.
You were not hungry.

You visited 1 branch of the dungeon, and saw 1 of its levels.

You collected 35 gold pieces.

Inventory:

Hand Weapons
 a - a +1 dagger (weapon)
Armour
 b - a +0 robe (worn)
Jewellery
 e - an uncursed ring of poison resistance {unknown}
Scrolls
 g - a scroll of recharging {unknown}
 i - a scroll of random uselessness {unknown}
 j - a scroll of identify {unknown}
 k - a scroll of amnesia {unknown}
 m - a scroll of fog {unknown}
 p - a scroll of remove curse {unknown}
Potions
 l - a potion of curing {unknown}
 o - a potion of degeneration {unknown}
Books
 c - a book of Maledictions

   Spells                             Type                      Level
   a - Corona                         Hexes                        1
   b - Ensorcelled Hibernation        Hexes/Ice                    2
   c - Confuse                        Hexes                        3
   d - Tukima's Dance                 Hexes                        3
   e - Dazzling Spray                 Conjuration/Hexes            3
Comestibles
 d - a bread ration
 f - 2 fruits
 h - a meat ration
 n - a chunk of flesh


   Skills:
 + Level 0.8 Fighting
 - Level 1.1 Short Blades
 - Level 1.5 Dodging
 - Level 4.0 Stealth
 - Level 2.2 Spellcasting
 - Level 3.2 Hexes


You had 4 spell levels left.
You knew the following spells:

 Your Spells              Type           Power        Failure   Level  Hunger
a - Corona                Hex            ##.....      5%          1    #......


Dungeon Overview and Level Annotations

Branches:
Dungeon (1/15)

Altars:


Innate Abilities, Weirdness & Mutations

You have extremely sharp teeth.
When hurt, damage is shared between your health and your magic reserves.
Your bite disrupts and absorbs the magic of your enemies.
Potions cannot restore your health.
You are immune to rotting.


Message History

You hit the hobgoblin but do no damage. The hobgoblin closely misses you.
You hit the hobgoblin but do no damage.
You bite the hobgoblin, but do no damage.
The hobgoblin hits you.
* * * LOW HITPOINT WARNING * * *
You completely miss the hobgoblin. The rat misses you.
You barely miss the hobgoblin. Your bite misses the hobgoblin.
The hobgoblin hits you.
* * * LOW HITPOINT WARNING * * *
The rat bites you.
* * * LOW HITPOINT WARNING * * *
You hit the hobgoblin but do no damage. You bite the hobgoblin.
You drain its power.
You feel invigorated.
The hobgoblin is heavily wounded.
The hobgoblin hits you.
Unknown command.
You hit the hobgoblin but do no damage. Your bite misses the hobgoblin.
The hobgoblin is heavily wounded.
The rat bites you. The hobgoblin hits you.
You die...

.#.#
#.#......).......
.#.#
....#.#..########
.... ....#.#..#
##.# ...#.#..###
# .# ..........#
###.#.#..###
.........#
.##.#.#..# .
...#.#@.# ## .. #
#gr# #..# #..#
#..# #..# #..#
....


You could see a hobgoblin and a rat.

Vanquished Creatures
  An ooze (D:1)
  A leopard gecko (D:1)
  2 giant cockroaches (D:1)
  A hobgoblin (D:1)
  A kobold (D:1)
  A bat (D:1)
  6 rats (D:1)
13 creatures vanquished.

Notes
Turn   | Place    | Note
-------+----------+-------------------------------------------
     0 | D:1      | terra52 the Vine Stalker Enchanter began the quest for the Orb.
     0 | D:1      | Reached XP level 1. HP: 9/9 MP: 4/4
    22 | D:1      | Reached skill level 1 in Short Blades
   147 | D:1      | Reached skill level 4 in Stealth
   147 | D:1      | Reached XP level 2. HP: 1/13 MP: 3/6
   391 | D:1      | Slain by a hobgoblin

Vault maps used:
D:1:      dpeg_arrival_orchard

Skill      XL: |  1 |
---------------+----+-----
Short Blades   | 1 |  1.1
Stealth        | 4 |  4.0
Fighting       | |  0.8
Dodging        | |  1.5
Spellcasting   | |  2.2
Hexes          | |  3.2

Action                   || total
-------------------------++-------
Melee: Dagger            ||    52
       Bite              ||     9
 Cast: Corona            ||     7
 Stab: Sleeping          ||     2
Armor: Robe              ||    11
Dodge: Dodged            ||    37

Table legend:
 A = Spawn XP
 B = Non-spawn XP
 C = Spawn XP percentage of total XP
 D = Spawn monster count
 E = Non-spawn monster count
 F = Spawn count percentage of total count
 G = Total turns spent on level
                    A         B        C        D         E        F      G
               +---------+---------+-------+---------+---------+-------+---------
         Total |       0 |      25 |   0.0 |       0 |      13 |   0.0 |   391
               +---------+---------+-------+---------+---------+-------+---------
           D:1 |       0 |      25 |   0.0 |       0 |      13 |   0.0 |   391
               +---------+---------+-------+---------+---------+-------+---------
